 Dungeon Crawl Stone Soup version 0.32-a0-136-gc02482bde3 (webtiles) character file.

Game seed: 3569813418847981182

4 pokeman the Magician (level 1, 0/10 HPs)
             Began as a Deep Elf Hedge Wizard on Feb 10, 2024.
             Slain by a hobgoblin (1 damage)
             ... on level 1 of the Dungeon.
             The game lasted 00:00:24 (175 turns).

pokeman the Magician (Deep Elf Hedge Wizard)         Turns: 175, Time: 00:00:24

Health: 0/10       AC:  3    Str:  7    XL:     1   Next: 50%
Magic:  1/8        EV: 11    Int: 18    God:
Gold:   0          SH:  0    Dex: 14    Spells: 8/9 levels left

rFire   . . .        a - +0 dagger
rCold   + . .        (no shield)
rNeg    . . .        f - +0 leather armour {rC+}
rPois   .            c - +0 hat
rElec   .            (no cloak)
rCorr   .            (no gloves)
SInv    .            (no boots)
Will    .....        (no amulet)
Stlth   ++           (no ring)
HPRegen 0.21/turn    (no ring)
MPRegen 0.11/turn

%: no passive effects
@: no status effects
A: no striking features
a: no special abilities


You were on level 1 of the Dungeon.
You visited 1 branch of the dungeon, and saw 1 of its levels.

Inventory:

Hand Weapons
 a - a +0 dagger (weapon)
Armour
 b - a +0 buckler
 c - a +0 hat (worn)
 f - a +0 leather armour of cold resistance (worn)
Scrolls
 e - a scroll of teleportation {unknown}
Potions
 d - a potion of magic


   Skills:
 + Level 0.1 Fighting
 + Level 0.1 Armour
 - Level 2.4 Dodging
 - Level 2.4 Stealth
 * Level 4.5 Spellcasting
 + Level 1.2 Conjurations
 - Level 1.1 Summonings
 - Level 1.1 Translocations


You had 8 spell levels left.
You knew the following spells:

 Your Spells              Type           Power      Damage    Failure   Level
a - Magic Dart            Conj           32%        1d4       12%         1

Your spell library contained the following spells:

 Spells                   Type           Power      Damage    Failure   Level
 Slow                     Hex            16%        N/A       21%         1
 Blink                    Tloc           16%        N/A       21%         2
 Call Imp                 Summ           16%        N/A       21%         2
 Cigotuvi's Dreadful Rot  Necr/Alch/Air  8%         N/A       30%         2
 Mephitic Cloud           Conj/Alch/Air  5%         N/A       45%         3
 Inner Flame              Hex/Fire       4%         N/A       52%         3
 Irradiate                Conj/Alch      3%         3d12      99%         5
 Ignition                 Fire           2%         3d3       100%        8


Dungeon Overview and Level Annotations

Branches:
Dungeon (1/15)

Altars:


Message History

Aim: a hobgoblin (almost dead, 100% to hit)
The magic dart hits the hobgoblin but does no damage.
The hobgoblin is almost dead.
The hobgoblin hits you but does no damage.
Casting: Magic Dart (safe; 12% risk of failure)
Confirm with . or Enter, or press ? or * to list all spells.
Aiming: Magic Dart (safe; 12% risk of failure)
Press: ? - help, Shift-Dir - straight line, f/p - hobgoblin
Aim: a hobgoblin (almost dead, 100% to hit)
The magic dart hits the hobgoblin but does no damage.
The hobgoblin is almost dead.
An endoplasm comes into view.
The hobgoblin hits you.
* * * LOW HITPOINT WARNING * * *
Casting: Magic Dart (safe; 12% risk of failure)
Confirm with . or Enter, or press ? or * to list all spells.
You don't have enough magic to cast this spell.
Unknown command.
Casting: Magic Dart (safe; 12% risk of failure)
Confirm with . or Enter, or press ? or * to list all spells.
You don't have enough magic to cast this spell.
Unknown command.
You barely miss the hobgoblin.
The hobgoblin is almost dead.
The endoplasm quivers.
The hobgoblin misses you.
You barely miss the hobgoblin.
The hobgoblin is almost dead.
The hobgoblin hits you but does no damage.
You hit the hobgoblin but do no damage.
The hobgoblin is almost dead.
The hobgoblin hits you.
* * * LOW HITPOINT WARNING * * *
You barely miss the hobgoblin.
The hobgoblin is almost dead.
The hobgoblin closely misses you.
You hit the hobgoblin but do no damage.
The hobgoblin is almost dead.
The hobgoblin hits you.
You die...

# #. #.######..#
#....J..... #g# ########@#
.........#####
########.....#
############.############
♣.......................♣
♣..ß..ß.......(...ß..ß..♣
♣...÷..............÷....♣
♣♣..................÷÷...♣
♣...ß..ß...........ß..ß...


You could see a hobgoblin.

Vanquished Creatures
  A dart slug (D:1)
  A bat (D:1)
  A kobold (D:1)
3 creatures vanquished.

Notes
Turn   | Place    | Note
-------+----------+-------------------------------------------
     0 | D:1      | pokeman the Deep Elf Hedge Wizard began the quest for the
                  | Orb.
     0 | D:1      | Reached XP level 1. HP: 10/10 MP: 7/7
   175 | D:1      | Slain by a hobgoblin

Illustrated notes

Levels and vault maps discovered:
D:1:      giann_forest_graveyard, layout_loops_ring,
          hellmonk_ecumenical_altar_blasted, chequers_serial_rivers_micro_c

Action                     || total
---------------------------++-------
  Melee: Dagger            ||     5
   Cast: Magic Dart        ||    17
 Armour: Leather armour    ||     8
  Dodge: Dodged            ||     2

Table legend: (Time is in decaauts)
 A = Elapsed time spent in this place.
 B = Non-inter-level travel time spent in this place.
 C = Inter-level travel time spent in this place.
 D = Time resting spent in this place.
 E = Time spent auto-exploring this place.
 F = Levels seen in this place.
 G = Mean time per level.
                   A        B        C        D        E       F      G
               +--------+--------+--------+--------+--------+-----+--------+
         Total |    175 |    175 |      0 |      0 |    123 |   1 |  175.0 |
       Dungeon |    175 |    175 |      0 |      0 |    123 |   1 |  175.0 |
               +--------+--------+--------+--------+--------+-----+--------+

Top non-repeatable levels by time:
     D:1: 175 daAuts
